 Dungeon Crawl Stone Soup version 0.28-a0-794-gafe8c5f9e9 (webtiles) character file.

Game seed: 14723122083099690441

16 kae the Caller (level 2, -3/16 HPs)
             Began as a Tengu Summoner on Nov 5, 2021.
             Slain by a kobold (5 damage)
             ... on level 1 of the Dungeon.
             The game lasted 00:00:28 (1009 turns).

kae the Caller (Tengu Summoner)                     Turns: 1009, Time: 00:00:28

Health: -3/16      AC:  2    Str:  8    XL:     2   Next: 58%
Magic:  5/6        EV: 12    Int: 15    God:
Gold:   13         SH:  0    Dex: 14    Spells: 4/5 levels left

rFire   . . .      SeeInvis .   c - +0 dagger
rCold   . . .      Faith    .   (no shield)
rNeg    . . .      Spirit   .   a - +0 robe
rPois   .          Reflect  .   (helmet restricted)
rElec   .          Harm     .   (no cloak)
rCorr   .          Rampage  .   (no gloves)
Will    .....                   (boots unavailable)
Stlth   ++........              (no amulet)
HPRegen 0.05/turn               (no ring)
MPRegen 0.10/turn               (no ring)

@: no status effects
A: beak, talons 3
a: no special abilities


You were on level 1 of the Dungeon.
You visited 1 branch of the dungeon, and saw 1 of its levels.

You collected 13 gold pieces.

Inventory:

Hand Weapons
 c - a +0 dagger (weapon)
Armour
 a - a +0 robe (worn)
Jewellery
 d - an amulet of the acrobat
Potions
 b - a potion of heal wounds {unknown}


   Skills:
 + Level 0.7 Fighting
 + Level 2.4 Dodging
 - Level 2.0 Stealth
 + Level 2.2 Spellcasting
 * Level 5.2 Summonings


You had 4 spell levels left.
You knew the following spells:

 Your Spells              Type           Power      Damage    Failure   Level
a - Summon Small Mammal   Summ           68%        N/A       2%          1

Your spell library contained the following spells:

 Spells                   Type           Power      Damage    Failure   Level
 Call Imp                 Summ           17%        N/A       3%          2
 Call Canine Familiar     Summ           17%        N/A       8%          3
 Summon Guardian Golem    Hex/Summ       9%         N/A       22%         3
 Summon Lightning Spire   Summ/Air       9%         N/A       58%         4


Dungeon Overview and Level Annotations

Branches:
Dungeon (1/15)

Altars:


Innate Abilities, Weirdness & Mutations

You have a beak for a mouth.
You have claws for feet.


Message History

Casting: Summon Small Mammal (safe; 2% risk of failure)
Confirm with . or Enter, or press ? or * to list all spells.
Your bat hits the kobold but does no damage.
The kobold hits you with a +0 short sword.
You hit the kobold. Your peck misses the kobold.
The kobold is moderately wounded.
Your bat hits the kobold but does no damage. x2
The kobold hits you with a +0 short sword.
Your bat hits the kobold but does no damage.
You hit the kobold but do no damage.
The kobold is moderately wounded.
Your bat barely misses the kobold.
Your bat closely misses the kobold.
The kobold hits you with a +0 short sword.
A kobold is nearby!
You are too injured to fight recklessly!
You are too injured to fight recklessly!
A kobold is nearby!
You are too injured to fight recklessly!
You are too injured to fight recklessly!
A kobold is nearby!
You are too injured to fight recklessly!
You are too injured to fight recklessly!
You are too injured to fight recklessly!
You are too injured to fight recklessly!
You closely miss the kobold. Your kick misses the kobold.
The kobold is moderately wounded.
Your bat barely misses the kobold.
The kobold hits you with a +0 short sword.
Your bat closely misses the kobold.
You hit the kobold but do no damage. Your kick misses the kobold.
Your peck misses the kobold.
The kobold is moderately wounded.
Your bat closely misses the kobold.
The kobold hits you with a +0 short sword.
* * * LOW HITPOINT WARNING * * *
You closely miss the kobold. Your peck misses the kobold.
The kobold is moderately wounded.
Your bat closely misses the kobold.
The kobold hits you with a +0 short sword.
You die...

.# #...##.########8...8#### .#
#...##........##.#.##
.########...##....##(.#8.#.8
....#............####.##.#.#
..................##..#8. .8
..#.#.................##
..#.#####...####.##.#..# .##.#
#...# #.##....# .##.# #...#
#@###.#.## ....#
#...###.K.......# #####
####.###..#.b#.#..#
#######......#.###......#
.....##.##.#.#..#..#....#######.
####.#..#.#..##...####..........
####..#..###........###.#######.
#.......## ##.###.......#
#[##.....###..# ###.#####


You could see a kobold (ally target) and a friendly bat (summoned).

Vanquished Creatures
  A ball python (D:1)
  2 bats (D:1)
  An endoplasm (D:1)
  2 hobgoblins (D:1)
  2 frilled lizards (D:1)
  A kobold (D:1)
9 creatures vanquished.

Vanquished Creatures (collateral kills)
  A ball python (D:1)
  A goblin (D:1)
  A hobgoblin (D:1)
  2 kobolds (D:1)
  A rat (D:1)
6 creatures vanquished.

Grand Total: 15 creatures vanquished

Notes
Turn   | Place    | Note
-------+----------+-------------------------------------------
     0 | D:1      | kae the Tengu Summoner began the quest for the Orb.
     0 | D:1      | Reached XP level 1. HP: 10/10 MP: 4/4
   257 | D:1      | Reached skill level 5 in Summonings
   514 | D:1      | Reached XP level 2. HP: 16/16 MP: 4/6
  1009 | D:1      | Slain by a kobold

Illustrated notes

Levels and vault maps discovered:
D:1:      heliophobic_arrival_ceremonial_halls, layout_loops_cross

Skill      XL: |  1 |
---------------+----+-----
Summonings     | 5 |  5.2
Fighting       | |  0.7
Dodging        | |  2.4
Stealth        | |  2.0
Spellcasting   | |  2.2

Action                   || total
-------------------------++-------
Melee: Unarmed           ||     7
       Peck              ||     3
       Kick              ||     7
       Dagger            ||    23
 Cast: Summon Small Mamm ||    13
 Stab: Sleeping          ||     1
Armor: Robe              ||     8
Dodge: Dodged            ||    24

Table legend: (Time is in decaauts)
 A = Elapsed time spent in this place.
 B = Non-inter-level travel time spent in this place.
 C = Inter-level travel time spent in this place.
 D = Time resting spent in this place.
 E = Time spent auto-exploring this place.
 F = Levels seen in this place.
 G = Mean time per level.
                   A        B        C        D        E       F      G
               +--------+--------+--------+--------+--------+-----+--------+
         Total |   1008 |   1008 |      0 |    107 |    771 |   1 | 1008.0 |
       Dungeon |   1008 |   1008 |      0 |    107 |    771 |   1 | 1008.0 |
               +--------+--------+--------+--------+--------+-----+--------+

Top non-repeatable levels by time:
     D:1: 1008 daAuts
